SA
DELAWARE 1787 BC @ HAMMOND HERONS
09/01/2031
 
TOP OF THE 1ST
Delaware 1787 BC batting - Pitching for Hammond Herons : RHP Melvin O'Herlihy
Pitching: RHP Melvin O'Herlihy
Batting: LHB Xuan-ling Liao 0-0: Called Strike
0-1: Ball
1-1: Ball
2-1: Foul Ball, location: 2F
2-2: Ball
3-2: Ground out U3 (Groundball, 3)
Batting: RHB Malcolm Campbell 0-0: Called Strike
0-1: Ball
1-1: Ball
2-1: Foul Ball, location: 2F
2-2: Ground out U3 (Groundball, 34S)
Batting: RHB Jeff Quesenberry 0-0: Ball
1-0: Ground out 5-3 (Groundball, 5S)
Top of the 1st over - 0 runs, 0 hits, 0 errors, 0 left on base; Delaware 0 - Hammond 0
BOTTOM OF THE 1ST
Hammond Herons batting - Pitching for Delaware 1787 BC : RHP Yodo Takano
Pitching: RHP Yodo Takano
Batting: RHB Mike Peoples 0-0: Bunted foul
0-1: Ball
1-1: Ground out 6-3 (Groundball, 6)
Batting: RHB Tonito Lamoste 0-0: Ball
1-0: Foul Ball, location: 2F
1-1: Foul Ball, location: 2F
1-2: SINGLE (Line Drive, 89M)
Batting: RHB José Álvarez 0-0: Foul Ball, location: 2F
0-1: Swinging Strike
0-2: Ball
1-2: Ball
2-2: Ball
3-2: Foul Ball, location: 2F
3-2: Strikes out swinging
Batting: RHB Marvin Overbeek 0-0: Hit by Pitch
Tonito Lamoste to second
Batting: RHB Rob Brooks 0-0: Foul Ball, location: 2F
0-1: Ball
1-1: Ball
2-1: Foul Ball, location: 2F
2-2: Strikes out looking
Bottom of the 1st over - 0 runs, 1 hit, 0 errors, 2 left on base; Delaware 0 - Hammond 0
TOP OF THE 2ND
Delaware 1787 BC batting - Pitching for Hammond Herons : RHP Melvin O'Herlihy
Batting: LHB Bryce Abood 0-0: Ball
1-0: DOUBLE (Line Drive, 7LM)
Batting: RHB Félix Ellard 0-0: Called Strike
0-1: Fly out, F9 (Flyball, 9LM)
Batting: RHB Kendrick Drumgoole 0-0: Called Strike
0-1: Foul Ball, location: 2F
0-2: Ball
1-2: Ball
2-2: Ball
3-2: Base on Balls
Batting: SHB Curt Pack 0-0: Grounds into double play, 4-6-3 (Groundball, 4)
Top of the 2nd over - 0 runs, 1 hit, 0 errors, 1 left on base; Delaware 0 - Hammond 0
BOTTOM OF THE 2ND
Hammond Herons batting - Pitching for Delaware 1787 BC : RHP Yodo Takano
Batting: RHB Dallas Jiménez 0-0: Ball
1-0: Ball
2-0: Foul Ball, location: 2F
2-1: Foul Ball, location: 2F
2-2: Ball
3-2: Foul Ball, location: 2F
3-2: Strikes out looking
Batting: RHB Ju-wei Huang 0-0: Ball
1-0: Foul Ball, location: 2F
1-1: Ball
2-1: Ball
3-1: Swinging Strike
3-2: Fly out, F6 (Line Drive, 6M)
Batting: RHB Russell Porter 0-0: Fly out, F9 (Flyball, 9LMF)
Bottom of the 2nd over - 0 runs, 0 hits, 0 errors, 0 left on base; Delaware 0 - Hammond 0
TOP OF THE 3RD
Delaware 1787 BC batting - Pitching for Hammond Herons : RHP Melvin O'Herlihy
Batting: RHB Gerold Olthof 0-0: Ball
1-0: Fly out, F7 (Flyball, 78S)
Batting: LHB Hai-feng Tang 0-0: Ball
1-0: Ball
2-0: Called Strike
2-1: Ball
3-1: Base on Balls
Batting: LHB Xuan-ling Liao 0-0: Foul Ball, location: 2F
0-1: Foul Ball, location: 2F
0-2: DOUBLE (Flyball, 78D)
Hai-feng Tang to third
Runner from 3rd tries for Home, SAFE, no throw
Batting: RHB Malcolm Campbell 0-0: Fly out, F2 (Popup, 25F)
Batting: RHB Jeff Quesenberry 0-0: Ball
1-0: Called Strike
1-1: Swinging Strike
1-2: Ball
2-2: Ball
3-2: Foul Ball, location: 2F
3-2: Foul Ball, location: 2F
3-2: Foul Ball, location: 2F
3-2: Ground out 3-1 (Groundball, 34S)
Top of the 3rd over - 1 run, 1 hit, 0 errors, 1 left on base; Delaware 1 - Hammond 0
BOTTOM OF THE 3RD
Hammond Herons batting - Pitching for Delaware 1787 BC : RHP Yodo Takano
Batting: RHB Jen-ta Men 0-0: Called Strike
0-1: Ball
1-1: Ball
2-1: Called Strike
2-2: Strikes out swinging
Batting: RHB Mike Peoples 0-0: Called Strike
0-1: Swinging Strike
0-2: Ground out 6-3 (Groundball, 6)
Batting: RHB Tonito Lamoste 0-0: Ball
1-0: Ball
2-0: Foul Ball, location: 2F
2-1: Called Strike
2-2: Foul Ball, location: 2F
2-2: Ground out 4-3 (Groundball, 4S)
Bottom of the 3rd over - 0 runs, 0 hits, 0 errors, 0 left on base; Delaware 1 - Hammond 0
TOP OF THE 4TH
Delaware 1787 BC batting - Pitching for Hammond Herons : RHP Melvin O'Herlihy
Batting: LHB Bryce Abood 0-0: Ball
1-0: Swinging Strike
1-1: Swinging Strike
1-2: Ball
2-2: Ball
3-2: Foul Ball, location: 2F
3-2: Foul Ball, location: 2F
3-2: Ground out 4-3 (Groundball, 4)
Batting: RHB Félix Ellard 0-0: Ball
1-0: Foul Ball, location: 2F
1-1: DOUBLE (Flyball, 8RD)
Batting: RHB Kendrick Drumgoole 0-0: Ball
1-0: Swinging Strike
1-1: Ball
2-1: Foul Ball, location: 2F
2-2: Ball
3-2: Foul Ball, location: 2F
3-2: Foul Ball, location: 2F
3-2: Foul Ball, location: 2F
3-2: Foul Ball, location: 2F
3-2: DOUBLE (Line Drive, 78D)
Félix Ellard scores
Batting: SHB Curt Pack 0-0: Ball
1-0: Called Strike
1-1: Foul Ball, location: 2F
1-2: Ball
2-2: Ball
3-2: Fly out, F7 (Flyball, 7LSF)
Batting: RHB Gerold Olthof 0-0: Called Strike
0-1: SINGLE (Line Drive, 34)
Kendrick Drumgoole to third
Runner from 3rd tries for Home, SAFE, no throw
Batting: LHB Hai-feng Tang 0-0: Foul Ball, location: 2F
0-1: TRIPLE (Flyball, 9D)
Gerold Olthof scores
Batting: LHB Xuan-ling Liao 0-0: Ball
1-0: Foul Ball, location: 2F
1-1: Ball
Wild Pitch!
Hai-feng Tang scores
2-1: SINGLE (Groundball, 4MD)
Batting: RHB Malcolm Campbell 0-0: SINGLE (Flyball, 78M)
Xuan-ling Liao to second
Batting: RHB Jeff Quesenberry 0-0: Foul Ball, location: 2F
0-1: Ball
1-1: Swinging Strike
1-2: Foul Ball, location: 2F
1-2: TRIPLE (Line Drive, 8RXD)
Xuan-ling Liao scores
Malcolm Campbell scores
Batting: LHB Bryce Abood 0-0: Called Strike
0-1: Ball
1-1: Called Strike
1-2: Strikes out swinging
Top of the 4th over - 6 runs, 7 hits, 0 errors, 1 left on base; Delaware 7 - Hammond 0
BOTTOM OF THE 4TH
Hammond Herons batting - Pitching for Delaware 1787 BC : RHP Yodo Takano
Batting: RHB José Álvarez 0-0: Swinging Strike
0-1: Fly out, F7 (Flyball, 78M)
Batting: RHB Marvin Overbeek 0-0: Called Strike
0-1: Ball
1-1: Ball
2-1: Fly out, F7 (Flyball, 7LS)
Batting: RHB Rob Brooks 0-0: Ground out 1-3 (Groundball, 13S)
Bottom of the 4th over - 0 runs, 0 hits, 0 errors, 0 left on base; Delaware 7 - Hammond 0
TOP OF THE 5TH
Delaware 1787 BC batting - Pitching for Hammond Herons : RHP Melvin O'Herlihy
Batting: RHB Félix Ellard 0-0: Ball
1-0: Ball
2-0: Ball
3-0: Base on Balls
Batting: RHB Kendrick Drumgoole 0-0: Called Strike
0-1: Ball
1-1: Foul Ball, location: 2F
1-2: Ball
Wild Pitch!
Félix Ellard to second
2-2: Ball
3-2: Base on Balls
Batting: SHB Curt Pack 0-0: Called Strike
0-1: Ball
1-1: Grounds into double play, 4-6-3 (Groundball, 4)
Félix Ellard to third
Batting: RHB Gerold Olthof 0-0: Foul Ball, location: 2F
0-1: Swinging Strike
0-2: Ball
1-2: SINGLE (Line Drive, 6MD)
Félix Ellard scores
Pitching: RHP Marvin Miranda
Batting: LHB Hai-feng Tang 0-0: Fly out, F9 (Flyball, 9S)
Top of the 5th over - 1 run, 1 hit, 0 errors, 1 left on base; Delaware 8 - Hammond 0
BOTTOM OF THE 5TH
Hammond Herons batting - Pitching for Delaware 1787 BC : RHP Yodo Takano
Batting: RHB Dallas Jiménez 0-0: Ball
1-0: Called Strike
1-1: Called Strike
1-2: Ground out 5-3 (Groundball, 56)
Batting: RHB Ju-wei Huang 0-0: Foul Ball, location: 2F
0-1: Foul Ball, location: 2F
0-2: Foul Ball, location: 2F
0-2: Ball
1-2: Foul Ball, location: 2F
1-2: Foul Ball, location: 2F
1-2: SOLO HOME RUN (Flyball, 89XD), Distance : 377 ft
Batting: RHB Russell Porter 0-0: Ball
1-0: Called Strike
1-1: Ball
2-1: Swinging Strike
2-2: Fly out, F7 (Line Drive, 7)
Batting: RHB Jen-ta Men 0-0: Ball
1-0: Called Strike
1-1: Ball
2-1: Foul Ball, location: 2F
2-2: SINGLE (Groundball, 56D)
Batting: RHB Mike Peoples 0-0: Swinging Strike
0-1: Ball
1-1: Ball
2-1: Swinging Strike
2-2: Ball
3-2: Strikes out swinging
Bottom of the 5th over - 1 run, 2 hits, 0 errors, 1 left on base; Delaware 8 - Hammond 1
TOP OF THE 6TH
Delaware 1787 BC batting - Pitching for Hammond Herons : RHP Marvin Miranda
Batting: LHB Xuan-ling Liao 0-0: Ground out 4-3 (Groundball, 4)
Batting: RHB Malcolm Campbell 0-0: Ground out 1-3 (Groundball, 13S)
Batting: RHB Jeff Quesenberry 0-0: Ball
1-0: Swinging Strike
1-1: Foul Ball, location: 2F
1-2: DOUBLE (Flyball, 8LXD)
Batting: LHB Bryce Abood 0-0: Ball
1-0: Ball
2-0: Foul Ball, location: 2F
2-1: Ball
3-1: Swinging Strike
3-2: Fly out, F9 (Flyball, 89S)
Top of the 6th over - 0 runs, 1 hit, 0 errors, 1 left on base; Delaware 8 - Hammond 1
BOTTOM OF THE 6TH
Hammond Herons batting - Pitching for Delaware 1787 BC : RHP Yodo Takano
Batting: RHB Tonito Lamoste 0-0: Ball
1-0: Called Strike
1-1: Ground out 5-3 (Groundball, 56)
Batting: RHB José Álvarez 0-0: SINGLE (Groundball, 4MD)
Batting: RHB Marvin Overbeek 0-0: Called Strike
0-1: Called Strike
0-2: Ball
1-2: Strikes out swinging
Batting: RHB Rob Brooks 0-0: Ball
1-0: Called Strike
1-1: Ball
2-1: Called Strike
2-2: Strikes out looking
Bottom of the 6th over - 0 runs, 1 hit, 0 errors, 1 left on base; Delaware 8 - Hammond 1
TOP OF THE 7TH
Delaware 1787 BC batting - Pitching for Hammond Herons : RHP Marvin Miranda
Batting: RHB Félix Ellard 0-0: Ball
1-0: Called Strike
1-1: Ball
2-1: Foul Ball, location: 2F
2-2: Ball
3-2: Fly out, F8 (Flyball, 8LM)
Batting: RHB Kendrick Drumgoole 0-0: Foul Ball, location: 2F
0-1: Ball
1-1: Ball
2-1: Foul Ball, location: 2F
2-2: Fly out, F3 (Popup, 3S)
Batting: SHB Curt Pack 0-0: Called Strike
0-1: Foul Ball, location: 2F
0-2: Foul Ball, location: 2F
0-2: Fly out, F6 (Line Drive, 6MD)
Top of the 7th over - 0 runs, 0 hits, 0 errors, 0 left on base; Delaware 8 - Hammond 1
BOTTOM OF THE 7TH
Hammond Herons batting - Pitching for Delaware 1787 BC : RHP Yodo Takano
Batting: RHB Dallas Jiménez 0-0: Called Strike
0-1: Called Strike
0-2: Ball
1-2: Strikes out swinging
Batting: RHB Ju-wei Huang 0-0: Foul Ball, location: 2F
0-1: Called Strike
0-2: Ball
1-2: Ground out 4-3 (Groundball, 4)
Batting: RHB Russell Porter 0-0: Ball
1-0: Ball
2-0: Ball
3-0: Base on Balls
Batting: RHB Jen-ta Men 0-0: Called Strike
0-1: Ball
1-1: Foul Ball, location: 2F
1-2: Strikes out swinging
Bottom of the 7th over - 0 runs, 0 hits, 0 errors, 1 left on base; Delaware 8 - Hammond 1
TOP OF THE 8TH
Delaware 1787 BC batting - Pitching for Hammond Herons : RHP Marvin Miranda
Batting: RHB Gerold Olthof 0-0: Called Strike
0-1: Swinging Strike
0-2: Foul Ball, location: 2F
0-2: Strikes out swinging
Batting: LHB Hai-feng Tang 0-0: Ball
1-0: Swinging Strike
1-1: Ball
2-1: Foul Ball, location: 2F
2-2: Fly out, F8 (Flyball, 8LM)
Batting: LHB Xuan-ling Liao 0-0: Ball
1-0: Called Strike
1-1: Foul Ball, location: 2F
1-2: Ball
2-2: Ball
3-2: Base on Balls
Batting: RHB Malcolm Campbell 0-0: Ball
Throwing error on steal attempt, E2
Xuan-ling Liao to third
1-0: Ground out 4-3 (Groundball, 4)
Top of the 8th over - 0 runs, 0 hits, 1 error, 1 left on base; Delaware 8 - Hammond 1
BOTTOM OF THE 8TH
Hammond Herons batting - Pitching for Delaware 1787 BC : RHP Yodo Takano
Now at C: Tomás Cameros
Now in CF: Tobias Jimenez
Batting: RHB Mike Peoples 0-0: Ball
1-0: Foul Ball, location: 2F
1-1: Foul Ball, location: 2F
1-2: Ball
2-2: Foul Ball, location: 2F
2-2: Ball
3-2: Foul Ball, location: 2F
3-2: Ground out 5-3 (Groundball, 56S)
Batting: RHB Tonito Lamoste 0-0: Called Strike
0-1: Ball
1-1: Foul Ball, location: 2F
1-2: Ball
2-2: Ball
3-2: Ground out 4-3 (Groundball, 4S)
Batting: RHB José Álvarez 0-0: Ball
1-0: Ball
2-0: Called Strike
2-1: Ball
3-1: SINGLE (Line Drive, 9S)
Pitching: RHP Amando Codes
Batting: RHB Marvin Overbeek 0-0: Foul Ball, location: 2F
0-1: Ball
1-1: Ball
2-1: Foul Ball, location: 2F
2-2: Ball
3-2: Foul Ball, location: 2F
3-2: Strikes out swinging
Bottom of the 8th over - 0 runs, 1 hit, 0 errors, 1 left on base; Delaware 8 - Hammond 1
TOP OF THE 9TH
Delaware 1787 BC batting - Pitching for Hammond Herons : RHP Marvin Miranda
Batting: RHB Jeff Quesenberry 0-0: Ball
1-0: Ball
2-0: Ball
3-0: Called Strike
3-1: Base on Balls
Batting: LHB Bryce Abood 0-0: Foul Ball, location: 2F
0-1: Swinging Strike
0-2: Ball
1-2: Strikes out swinging
Batting: RHB Félix Ellard 0-0: Ball
Jeff Quesenberry is caught stealing 2nd base
1-0: Called Strike
1-1: SINGLE (Groundball, 6MD)
Batting: RHB Kendrick Drumgoole 0-0: Ball
1-0: Ball
Félix Ellard steals 2nd base
2-0: Called Strike
2-1: Called Strike
2-2: Foul Ball, location: 2F
2-2: Ball
3-2: Fly out, F9 (Line Drive, 9)
Top of the 9th over - 0 runs, 1 hit, 0 errors, 1 left on base; Delaware 8 - Hammond 1
BOTTOM OF THE 9TH
Hammond Herons batting - Pitching for Delaware 1787 BC : RHP Amando Codes
Batting: RHB Rob Brooks 0-0: Foul Ball, location: 2F
0-1: Ball
1-1: SINGLE (Line Drive, 89M)
Batting: RHB Dallas Jiménez 0-0: Called Strike
0-1: Foul Ball, location: 2F
0-2: Foul Ball, location: 2F
0-2: Strikes out looking
Batting: RHB Ju-wei Huang 0-0: Called Strike
0-1: Swinging Strike
0-2: Ball
1-2: Foul Ball, location: 2F
1-2: Ball
2-2: Foul Ball, location: 2F
2-2: Foul Ball, location: 2F
2-2: Strikes out swinging
Batting: RHB Russell Porter 0-0: Foul Ball, location: 2F
0-1: Swinging Strike
0-2: Ball
1-2: Strikes out swinging
Bottom of the 9th over - 0 runs, 1 hit, 0 errors, 1 left on base; Delaware 8 - Hammond 1
Tuesday, June 12th, 2018 - OOTP Baseball 18.8 Build 76